 Dungeon Crawl Stone Soup version 0.28-a0-973-ga7f8b01127 (webtiles) character file.

Game seed: 7397604119153549119

18 demibob the Skirmisher (level 2, 25/25 HPs)
             Began as a Palentonga Fighter on Dec 2, 2021.
             Was a Follower of Yredelemnul.
             Quit the game on level 1 of the Dungeon.
             The game lasted 00:00:50 (828 turns).

demibob the Skirmisher (Palentonga Fighter)          Turns: 828, Time: 00:00:50

Health: 25/25      AC:  7    Str: 19    XL:     2   Next: 51%
Magic:  2/2        EV:  7    Int:  8    God:    Yredelemnul [*.....]
Gold:   68         SH:  4    Dex:  9    Spells: 1/1 levels left

rFire   . . .      SeeInvis +   a - +0 long sword
rCold   . . .      Faith    .   c - +0 buckler
rNeg    . . .      Spirit   .   b - +1 scale mail
rPois   .          Reflect  .   (no helmet)
rElec   .          Harm     .   (no cloak)
rCorr   .          Rampage  .   (no gloves)
Will    .....                   (no barding)
Stlth   ..........              (no amulet)
HPRegen 0.08/turn               (no ring)
MPRegen 0.08/turn               (no ring)

@: no status effects
A: large, rugged brown scales 3, see invisible, deformed body, roll 1, armoured
tail
a: Rolling Charge, Renounce Religion, Animate Remains


You were on level 1 of the Dungeon.
You worshipped Yredelemnul.
Yredelemnul was aware of your devotion.
You visited 1 branch of the dungeon, and saw 1 of its levels.

You collected 68 gold pieces.


Innate Abilities, Weirdness & Mutations

You are completely covered in rugged brown scales. (AC +3, +7% HP)
You have supernaturally acute eyesight. (SInv)
Armour fits poorly on your strangely shaped body.
You can roll at nearby foes to attack.
You have a long armoured tail.


   Skills:
 - Level 3.0 Fighting
 + Level 2.6 Long Blades
 - Level 2.4 Armour
 + Level 2.8 Shields


You had one spell level left.
You didn't know any spells.
Your spell library was empty.

Inventory:

Hand Weapons
 a - a +0 long sword (weapon)
Armour
 b - a +1 scale mail (worn)
 c - a +0 buckler (worn)
Scrolls
 e - 2 scrolls of summoning
 l - 2 scrolls of magic mapping
Potions
 d - a potion of might
 f - a potion of resistance {unknown}
 h - a potion of ambrosia {unknown}
 j - a potion of invisibility
 k - a potion of brilliance {unknown}
 m - a potion of berserk rage {unknown}

Dungeon Overview and Level Annotations

Branches:
Dungeon (1/15)

Altars:
Yredelemnul

### ###♣@♣### ##P.[...P##
#P..PgP..P#### ##..≈≈P..##..#
##P.B.P##...# ###.###....#
#P.##P#....# ##P.g.##...#
#################P.#...######


You could see a friendly giant cockroach (summoned) and a friendly hobgoblin
(summoned).


Message History

No target in view!
No target in view!
No target in view!
No target in view!
No target in view!
No target in view!
No target in view!
Found 15 gold pieces.
You now have 68 gold pieces (gained 15).
Done exploring.
Done exploring.
As you read the scroll labelled HEVOUPT PEDUC, it crumbles to dust.
It is a scroll of identify.
j - a potion of invisibility
As you read the scroll labelled LOMOTW PYADAYH, it crumbles to dust.
It is a scroll of enchant armour.
Your +0 scale mail glows green for a moment.
As you read the scroll labelled NOCKOC IFUWI, it crumbles to dust.
You feel momentarily disoriented.
It was a scroll of magic mapping.
As you read the scroll labelled YWIKHYVARR, it crumbles to dust.
Wisps of shadow whirl around you...
It was a scroll of summoning.
Search for what [? for help]? altar
There is an open door here.
Your endoplasm dissolves into shadows!
There is a faded altar of an unknown god here.
You cannot tell which god this altar belongs to.
Convert to them anyway?
Yredelemnul accepts your prayer! Yredelemnul welcomes you!
You can now animate remains.
Are you sure you want to abandon this character and quit the game? (Confirm with "yes".)

Action                   || total
-------------------------++-------
Melee: Long sword        ||    44
       Tailslap          ||     2
 Abil: Rolling Charge    ||     2
  Use: Scroll            ||     4
Armor: Scale mail        ||    26
Dodge: Dodged            ||    22
Block: Buckler           ||    12

Levels and vault maps discovered:
D:1:      lightli_arrival_quake, layout_basic,
          dreamdust_ecumenical_altar_hidden_monk_grotto

Notes
Turn   | Place    | Note
-------+----------+-------------------------------------------
     0 | D:1      | demibob the Palentonga Fighter began the quest for the Orb.
     0 | D:1      | Reached XP level 1. HP: 19/19 MP: 1/1
   260 | D:1      | Found a faded altar of an unknown god.
   425 | D:1      | Reached XP level 2. HP: 23/25 MP: 2/2
   827 | D:1      | Prayed at the altar of an unknown god.
   827 | D:1      | Became a worshipper of Yredelemnul the Dark
   827 | D:1      | Reached * piety under Yredelemnul
   828 | D:1      | Quit the game

Vanquished Creatures
  A bat (D:1)
  An endoplasm (D:1)
  A giant cockroach (D:1)
  3 goblins (D:1)
  2 hobgoblins (D:1)
  A quokka (D:1)
  3 ball pythons (D:1)
  2 frilled lizards (D:1)
  2 kobolds (D:1)
  2 rats (D:1)
18 creatures vanquished.

Table legend: (Time is in decaauts)
 A = Elapsed time spent in this place.
 B = Non-inter-level travel time spent in this place.
 C = Inter-level travel time spent in this place.
 D = Time resting spent in this place.
 E = Time spent auto-exploring this place.
 F = Levels seen in this place.
 G = Mean time per level.
                   A        B        C        D        E       F      G
               +--------+--------+--------+--------+--------+-----+--------+
         Total |    840 |    805 |     35 |      0 |    686 |   1 |  840.0 |
       Dungeon |    840 |    805 |     35 |      0 |    686 |   1 |  840.0 |
               +--------+--------+--------+--------+--------+-----+--------+

Top non-repeatable levels by time:
     D:1: 840 daAuts

Table legend:
 A = Non-vault XP
 B = Vault XP
 C = Vault XP percentage of total XP
 D = Non-vault monster count
 E = Vault monster count
 F = Vault count percentage of total count
                 A         B        C        D         E       F
            +---------+---------+-------+---------+---------+-------
      Total |      27 |       0 |   0.0 |      18 |       0 |   0.0
            +---------+---------+-------+---------+---------+-------
        D:1 |      27 |       0 |   0.0 |      18 |       0 |   0.0
            +---------+---------+-------+---------+---------+-------
